 Dungeon Crawl Stone Soup version 0.22-a0-351-g29664b4 (webtiles) character file.

4653 vishdafish the Blocker (level 10, -27/71 HPs)
             Began as an Octopode Berserker on Apr 12, 2018.
             Was a High Priest of Trog.
             Annihilated by a yak (41 damage)
             ... on level 8 of the Dungeon.
             The game lasted 00:11:46 (8621 turns).

vishdafish the Blocker (Octopode Berserker)         Turns: 8621, Time: 00:11:47

Health: -27/71     AC:  1    Str: 17    XL:     10   Next: 43%
Magic:  10/10      EV: 15    Int: 13    God:    Trog [*****.]
Gold:   392        SH:  0    Dex: 11    Spells: 9/9 levels left

rFire    . . .     SeeInvis +   a - +0 spear
rCold    . . .     Gourm    .   m - +0 shield
rNeg     . . .     Faith    .   (helmet restricted)
rPois    .         Spirit   .   (no amulet)
rElec    .         Reflect  .   F - ring of see invisible
rCorr    .         Harm     .   (no ring)
MR       .....                  (no ring)
Stlth    +++.......             (no ring)
HPRegen  0.21/turn              (no ring)
MPRegen  0.12/turn              (no ring)
                                (no ring)
                                (no ring)

@: sleeping
A: almost no armour, stealthy swim, amphibious, 8 rings, constrict 8, camouflage
1, gelatinous body 1
a: Berserk, Trog's Hand, Brothers in Arms, Renounce Religion


You were on level 8 of the Dungeon.
You worshipped Trog.
Trog was extremely pleased with you.
You were not hungry.

You visited 1 branch of the dungeon, and saw 9 of its levels.
You also visited: Sewer.

You collected 392 gold pieces.

Inventory:

Hand Weapons
 a - a +0 spear (weapon)
 r - a +1 hand axe of flaming
 y - a +1 hunting sling of freezing
Missiles
 h - 141 sling bullets
 n - 4 needles of paralysis
Armour
 m - a +0 shield (worn)
Jewellery
 F - a ring of see invisible (left tentacle)
Wands
 s - a wand of disintegration (6)
 B - a wand of scattershot (1)
 C - a wand of flame (41)
Scrolls
 d - 7 scrolls of remove curse
 f - a scroll of enchant weapon {unknown}
 g - a scroll of fog {unknown}
 p - 4 scrolls of teleportation {unknown}
 q - 6 scrolls of random uselessness
 t - 2 scrolls of blinking {unknown}
 w - 2 scrolls of fear
 x - a scroll of silence {unknown}
 A - a scroll of magic mapping {unknown}
 D - a scroll of noise {unknown}
 E - a scroll of enchant armour {unknown}
Potions
 c - 5 potions of might
 e - 2 potions of flight {unknown}
 i - a potion of degeneration {unknown}
 j - 3 potions of curing
 k - 6 potions of brilliance
 l - a potion of lignification {unknown}
 o - a potion of invisibility {unknown}
 u - 3 potions of magic
 v - a potion of haste {unknown}
 z - 2 potions of agility {unknown}
Comestibles
 b - 6 rations


   Skills:
 + Level 7.4 Fighting
 + Level 7.5 Polearms
 + Level 7.3 Dodging
 - Level 1.3 Stealth
 * Level 9.2 Shields


You had 9 spell levels left.
You didn't know any spells.

Dungeon Overview and Level Annotations

Branches:
Dungeon (9/15)             Temple (0/1) D:7
   Lair: D:8-11         Orc: D:9-12

Altars:
Ashenzari
Cheibriados
Dithmenos
Kikubaaqudgha
Makhleb
Nemelex Xobeh
Sif Muna
Trog
Vehumet
Xom
Yredelemnul
Zin
The Shining One

Shops:
D:8 [}%(


Innate Abilities, Weirdness & Mutations

You cannot wear most types of armour.
You are very stealthy in the water. (Stealth+)
You are amphibious.
You can wear up to eight rings at the same time.
You can use your tentacles to constrict eight enemies at once.
Your skin changes colour to match your surroundings (Stealth+).
Your rubbery body absorbs attacks. (AC +1, EV +1)


Message History

You are too injured to fight recklessly!
You are too injured to fight recklessly!
You are too injured to fight recklessly!
You are too injured to fight recklessly!
You are too injured to fight recklessly!
You are too injured to fight recklessly!
Unknown command.
Okay, then.
You block the yak's attack. The yak gores you!
* * * LOW HITPOINT WARNING * * *
The dream sheep bites you!
* * * LOW HITPOINT WARNING * * *
You block the dream sheep's attack.
The dream sheep shake their wool and sparkle.
You feel drowsy...
You fall asleep.
The yak barely misses you. The yak gores you!!!
Ouch! That really hurt!
You die...

#)...##########.## #.#....
##....[..# #...# #.#.#.#
#.#.###.# ###...### #.#.#.#
####.#.###(###.......###.....#
#..........................###
####.##.#.)##.###.......#######
...<.##.#..##.###.#...###
.###.##.......##......# .#
#.......#####@#.#### .#
#.##.##.#####Y#### .#
#.......#PP≈KYY≈.# .#
####.####P≈..Y...# .#
#.....##≈≈P.....# ##
#.....##P≈≈..P.%#
#.....##.≈P.%%..#
#.....##+###'''## #.....#
#.....#


You could see 2 yaks, a big kobold and 2 dream sheep.

Vanquished Creatures
  2 two-headed ogres
  Joseph (D:7)
  A hippogriff (D:8)
  A wyvern (D:8)
  A hungry ghost (D:7)
  A water moccasin (D:8)
  4 orc warriors
  A sky beast (D:6)
  An ice beast (D:7)
  A phantom (D:4)
  2 ogres
  2 centaurs
  A big kobold (D:8)
  A bullfrog (D:5)
  A scorpion (D:8)
  A water moccasin skeleton (D:6)
  A wight (D:7)
  2 electric eels (D:6)
  4 howler monkeys
  2 crimson imps (D:8)
  2 centaur zombies
  2 orc priests
  3 hounds
  A jelly (D:7)
  A gnoll shaman (D:6)
  A bullfrog skeleton (D:8)
  An iguana (D:5)
  5 orc wizards
  6 worker ants
  A killer bee zombie (D:6)
  A hound zombie (D:7)
  A hound skeleton (D:2)
  8 gnolls
  8 adders
  A shadow imp (D:6)
  An ooze (D:3)
  An adder skeleton (D:5)
  9 worms
  4 dart slugs
  A leopard gecko (D:4)
  25 orcs
  3 ball pythons (Sewer)
  4 giant cockroaches
  2 hobgoblins (D:3)
  8 jackals
  11 kobolds
  4 quokkas
  11 bats
  8 frilled lizards
  5 goblins
  A jackal skeleton (D:8)
  6 rats
  5 plants (Sewer)
182 creatures vanquished.

Notes
Turn   | Place    | Note
-------+----------+-------------------------------------------
     0 | D:1      | vishdafish the Octopode Berserker began the quest for the Orb.
     0 | D:1      | Reached XP level 1. HP: 16/16 MP: 1/1
   133 | D:1      | Reached XP level 2. HP: 21/21 MP: 2/2
   489 | D:2      | Reached skill level 1 in Stealth
   489 | D:2      | Reached XP level 3. HP: 26/26 MP: 3/3
   666 | D:2      | Found a shimmering altar of Xom.
   666 | D:2      | Found a glowing silver altar of Zin.
   666 | D:2      | Noticed an angel
   679 | D:2      | Reached skill level 1 in Shields
   679 | D:2      | Reached XP level 4. HP: 22/31 MP: 4/4
   707 | D:2      | Reached ** piety under Trog
  1057 | D:3      | Found a bloodstained altar of Trog.
  1111 | D:3      | Found a glowing golden altar of the Shining One.
  1121 | D:3      | Found a basalt altar of Yredelemnul.
  1123 | D:3      | Noticed a profane servitor
  1568 | D:3      | Found a burning altar of Makhleb.
  1568 | D:3      | Found a snail-covered altar of Cheibriados.
  1623 | D:3      | Found a shattered altar of Ashenzari.
  1730 | D:3      | Reached XP level 5. HP: 29/36 MP: 5/5
  1984 | D:3      | Reached skill level 2 in Shields
  2064 | D:3      | Noticed an angel
  2177 | D:4      | Noticed a phantom
  2185 | D:4      | Killed a phantom
  2185 | D:4      | Reached XP level 6. HP: 43/43 MP: 6/6
  2307 | D:4      | Found a radiant altar of Vehumet.
  2308 | D:4      | Found an ancient bone altar of Kikubaaqudgha.
  2311 | D:4      | Found a deep blue altar of Sif Muna.
  2317 | D:4      | Identified Vehumet's Papyrus of Arcane Weapons
  2493 | D:4      | Reached skill level 3 in Shields
  3155 | D:5      | Entered Level 5 of the Dungeon
  3236 | D:5      | Found a glowing drain.
  3252 | D:5      | Reached *** piety under Trog
  3268 | Sewer    | Entered a sewer
  3973 | D:5      | Reached XP level 7. HP: 39/49 MP: 7/7
  3998 | D:5      | Noticed a two-headed ogre
  4008 | D:5      | Killed a two-headed ogre
  4008 | D:5      | Reached skill level 5 in Fighting
  4008 | D:5      | Reached skill level 5 in Polearms
  4008 | D:5      | Reached skill level 5 in Dodging
  4008 | D:5      | Reached skill level 5 in Shields
  4008 | D:5      | Reached XP level 8. HP: 29/55 MP: 8/8
  5162 | D:6      | Reached skill level 6 in Shields
  5406 | D:6      | Reached XP level 9. HP: 20/62 MP: 9/9
  5407 | D:6      | Reached **** piety under Trog
  5892 | D:6      | Reached skill level 7 in Shields
  6087 | D:7      | Noticed Joseph
  6098 | D:7      | Killed Joseph
  6535 | D:7      | Gained mutation: Scrolls take you a little longer to read. [potion of mutation]
  6535 | D:7      | Lost mutation: Scrolls take you a little longer to read. [potion of mutation]
  6535 | D:7      | Gained mutation: You are dopey. (Int -2) [potion of mutation]
  6535 | D:7      | Gained mutation: Your flesh is cold resistant. (rC+) [potion of mutation]
  6536 | D:7      | Lost mutation: You are dopey. (Int -2) [potion of mutation]
  6536 | D:7      | Lost mutation: Your flesh is cold resistant. (rC+) [potion of mutation]
  6536 | D:7      | Gained mutation: You tend to lose your temper in combat. [potion of mutation]
  6536 | D:7      | Lost mutation: You tend to lose your temper in combat. [potion of mutation]
  6994 | D:7      | Found a sparkling altar of Nemelex Xobeh.
  7064 | D:7      | Found a staircase to the Ecumenical Temple.
  7142 | D:7      | Found a shadowy altar of Dithmenos.
  7341 | D:7      | Reached skill level 8 in Shields
  7423 | D:8      | Found Utaff's Antique Armour Shop.
  7581 | D:8      | Reached ***** piety under Trog
  7599 | D:8      | Found Pudemecs's Food Shop.
  7624 | D:8      | Found Ruryuh's Antique Weapon Emporium.
  7628 | D:8      | Noticed a two-headed ogre
  7636 | D:8      | Killed a two-headed ogre
  7636 | D:8      | Reached XP level 10. HP: 38/71 MP: 10/10
  7949 | D:8      | Reached skill level 9 in Shields
  8415 | D:8      | Found Casse's Gadget Boutique.
  8524 | D:8      | You fall through a shaft!
  8621 | D:8      | Annihilated by a yak

Vault maps used:
D:1:      tarquinn_simple_flora_water_d
D:2:      grunt_temple_overflow_order_and_chaos_1
D:3:      grunt_temple_overflow_holy_war, bloody_trog, lemuel_doored_altar,
          gammafunk_temple_overflow_elements
D:4:      grunt_temple_overflow_magic_moments, first_ration,
          minmay_item_behind_shaft, roderic_batcave
D:5:      cheibrodos_sewer_entry_drain
D:6:      minivault_4
D:7:      marbit_many_paths, minmay_temple_entry_overgrown,
          nicolae_dithmenos_the_darkroom, uniq_joseph
D:8:      serial_shops, nicolae_shop_behind_doors, shop, nicolae_shop_trees,
          shop, shop, hangedman_ranch
D:9:      kennysheep_mini, uniq_gastronok
Sewer:    sewer_co_scattered_pipes

Skill      XL: |  1  2  3  4  5  6  7  8  9 10 |
---------------+-------------------------------+-----
Stealth        | 1 |  1.3
Shields        | 1 2 3 5 6 8 9 |  9.2
Polearms       | 4 5 6 7 |  7.5
Dodging        | 4 5 7 |  7.3
Fighting       | 4 5 7 |  7.4

Action                   |  1- 3 |  4- 6 |  7- 9 | 10-12 || total
-------------------------+-------+-------+-------+-------++-------
Melee: Spear             |    70 |   293 |   279 |    71 ||   713
       Constrict         |    14 |    47 |    44 |    10 ||   115
       Tentacles         |    13 |    63 |    56 |    15 ||   147
Invok: Berserk           |       |     3 |    13 |     5 ||    21
Evoke: Wand              |       |       |    13 |     1 ||    14
  Use: Scroll            |       |     5 |     3 |       ||     8
       Potion            |       |       |     5 |     1 ||     6
 Stab: Sleeping          |    14 |    12 |     9 |       ||    35
       Distracted        |       |     2 |       |       ||     2
  Eat: Chunk             |       |     8 |    21 |     2 ||    31
       Ration            |       |     1 |     2 |     2 ||     5
Armor: Skin              |       |     9 |     1 |     3 ||    13
Dodge: Dodged            |    17 |    87 |    93 |    35 ||   232
Block: Shield            |       |    15 |    80 |    25 ||   120

Table legend:
 A = Spawn XP
 B = Non-spawn XP
 C = Spawn XP percentage of total XP
 D = Spawn monster count
 E = Non-spawn monster count
 F = Spawn count percentage of total count
 G = Total turns spent on level
                    A         B        C        D         E        F      G
               +---------+---------+-------+---------+---------+-------+---------
         Total |       0 |    6648 |   0.0 |       0 |     177 |   0.0 |  8621
               +---------+---------+-------+---------+---------+-------+---------
           D:1 |       0 |      29 |   0.0 |       0 |      17 |   0.0 |   480
           D:2 |       0 |      65 |   0.0 |       0 |      12 |   0.0 |   455
           D:3 |       0 |     124 |   0.0 |       0 |      26 |   0.0 |  1162
           D:4 |       0 |     286 |   0.0 |       0 |      13 |   0.0 |  1058
           D:5 |       0 |    1127 |   0.0 |       0 |      17 |   0.0 |  1253
           D:6 |       0 |    1164 |   0.0 |       0 |      30 |   0.0 |  1329
           D:7 |       0 |    1303 |   0.0 |       0 |      18 |   0.0 |  1109
           D:8 |       0 |    2386 |   0.0 |       0 |      25 |   0.0 |  1191
           D:9 |       0 |     127 |   0.0 |       0 |       1 |   0.0 |    11
         Sewer |       0 |      37 |   0.0 |       0 |      18 |   0.0 |   573
               +---------+---------+-------+---------+---------+-------+---------
